 Dungeon Crawl Stone Soup version 0.23.2-1-ga50397a (webtiles) character file.

Game seed: 5054273648564301712

7000 YoVRotEtogoKazino the Basher (level 11, -2/90 HPs)
             Began as a Gargoyle Berserker on May 26, 2019.
             Was an Elder of Trog.
             Killed from afar by an orc sorcerer (38 damage)
             ... with a bolt of fire
             ... on level 9 of the Dungeon.
             The game lasted 00:17:17 (7870 turns).

YoVRotEtogoKazino the Basher (Gargoyle Berserker)   Turns: 7870, Time: 00:17:18

Health: -2/90      AC: 25    Str: 27    XL:     11   Next: 8%
Magic:  11/11      EV: 11    Int: 10    God:    Trog [****..]
Gold:   231        SH:  0    Dex: 11    Spells: 10/10 levels left

rFire    . . .     SeeInvis +   a - +0 mace (venom)
rCold    . . .     Gourm    .   (no shield)
rNeg     + . .     Faith    .   w - +1 chain mail of Foynuab {rElec Int+2}
rPois    ∞         Spirit   .   (no helmet)
rElec    +         Reflect  .   (no cloak)
rCorr    .         Harm     +   t - +1 pair of gloves
MR       ++...                  o - +2 pair of boots {Stlth+}
Stlth    ..........             s - amulet of harm
HPRegen  1.25/turn              v - ring of see invisible
MPRegen  0.12/turn              (no ring)

@: berserking, regenerating, lightly drained, very quick
A: negative energy resistance 1, electricity resistance, unbreathing,
petrification resistance, rot immunity, AC +8
a: Berserk, Trog's Hand, Brothers in Arms, Renounce Religion


You were on level 9 of the Dungeon.
You worshipped Trog.
Trog was greatly pleased with you.
You were hungry.

You visited 2 branches of the dungeon, and saw 10 of its levels.
You also visited: Ossuary.

You collected 478 gold pieces.
You spent 247 gold pieces at shops.

Inventory:

Hand Weapons
 a - a +0 mace of venom (weapon)
 b - a +1 mace of protection
Missiles
 A - 4 throwing nets (quivered)
Armour
 o - a +2 pair of boots of stealth (worn)
 t - a +1 pair of gloves (worn)
 w - the +1 chain mail of Foynuab (worn) {rElec Int+2}
   (You bought it in a shop on level 7 of the Dungeon)

   It affects your intelligence (+2).
   It insulates you from electricity.
 D - a +0 chain mail of poison resistance
Jewellery
 g - an uncursed ring of stealth
 n - an uncursed ring of resist corrosion
 q - an uncursed ring of stealth
 s - an amulet of harm (around neck)
 v - a ring of see invisible (left hand)
 E - an uncursed amulet of rage {unknown}
Wands
 y - a wand of clouds (8)
 F - a wand of digging (3)
 G - a wand of flame (12)
Scrolls
 k - 4 scrolls of remove curse
 p - 3 scrolls of blinking
 u - a scroll of teleportation
Potions
 d - 3 potions of heal wounds
 e - 2 potions of brilliance
 f - a potion of mutation
 h - 8 potions of lignification
 i - 2 potions of cancellation
 j - 3 potions of might
 l - a potion of resistance
 r - 5 potions of curing
 x - 2 potions of agility
 B - 2 potions of haste
 H - a potion of invisibility {unknown}
Comestibles
 c - 15 rations
 z - a chunk of flesh


   Skills:
 - Level 3.2(3.0) Fighting
 * Level 13.4(13.0) Maces & Flails
 + Level 7.8(7.5) Armour
 * Level 5.9(5.6) Dodging
 + Level 0.8(0.6) Evocations


You had 10 spell levels left.
You didn't know any spells.
Your spell library was empty.

Dungeon Overview and Level Annotations

Branches:
Dungeon (9/15)             Temple (1/1) D:4
   Lair: D:8-11         Orc: D:9-12

Altars:
Ashenzari
Cheibriados
Dithmenos
Elyvilon
Fedhas
Gozag
Hepliaklqana
Kikubaaqudgha
Makhleb
Nemelex Xobeh
Okawaru
Qazlal
Ru
Sif Muna
Trog
Uskayaw
Vehumet
Wu Jian
Xom
Yredelemnul
Zin
The Shining One

Shops:
D:7 [


Innate Abilities, Weirdness & Mutations

You are resistant to torment.
Your stone body is resilient. (AC +8)
You are immune to poison.
You resist negative energy. (rN+)
You are resistant to electric shocks. (rElec)
You can survive without breathing.
You are immune to petrification.
You are immune to rotting.


Message History

Something tries to feed on your intellect!
You can move again.
The orc sorcerer barely misses you. The neqoxec gestures at you.
Something tries to feed on your intellect!
You closely miss the orc sorcerer.
The orc sorcerer gestures at you while chanting.
You shrug off the repeated paralysis!
Your skin crawls.
You feel resistant to hostile enchantments.
You feel somewhat more hungry.
The orc sorcerer hits you but does no damage.
A red film seems to cover your vision as you go berserk!
You feel yourself moving faster!
You feel mighty!
You are feeling hungry.
The neqoxec gestures at you.
Something tries to feed on your intellect!
The orc sorcerer points at you and mumbles some strange words.
The bolt of fire hits you!!
You die...

#......÷.#####.......###.#..
#....#..## #####..##......
#.......# ###.....#....
#......## ##.......#..#.
#...##..# #..#...#....##
#...###.# ###.##....#.####
#...# #.# #.......#....###
#...###..####.#.............
#.##.....3o@................
#.# .≈≈≈.≈≈≈................
≈≈##.##≈≈.#.............
##...##≈.#.............
#.....#≈...............
≈...(.))≈...............
≈#.[.).#≈.##............
##...##≈.........#..... ##.
#≈≈..#############


You could see a neqoxec and an orc sorcerer.

Vanquished Creatures
  Harold (D:8)
  A dancing weapon (D:6)
  A wizard (D:9)
  2 orc sorcerers (D:9)
  The ghost of Labyrinth the Caller, a novice DESu of Elyvilon (D:6)
  3 hippogriffs
  Sigmund (D:3)
  A spriggan (D:7)
  A wraith (Ossuary)
  Grum (D:8)
  Duvessa (D:5)
  2 orc warriors
  An eye of draining (D:7)
  2 ice beasts
  A phantom (D:7)
  2 centaurs
  3 ogres
  4 wolves (D:8)
  A big kobold (D:7)
  4 bullfrogs
  A water moccasin zombie (D:7)
  Dowan (D:5)
  A scorpion (D:6)
  A howler monkey (D:7)
  4 bullfrog zombies
  4 crimson imps
  A jelly (D:8)
  A bullfrog skeleton (D:4)
  An orc priest (D:6)
  4 hounds
  3 iguanas
  3 worker ants
  Ijyb (D:5)
  Terence (D:3)
  5 orc wizards
  2 hound zombies
  3 mummies (Ossuary)
  A howler monkey zombie (D:6)
  A worker ant zombie (D:7)
  A gnoll (D:3)
  7 adders
  4 shadow imps
  An ooze (D:4)
  An adder zombie (D:6)
  2 adder skeletons
  A worm (D:3)
  A dart slug (D:1)
  3 leopard geckos
  22 orcs
  A ball python (D:5)
  2 bats (D:2)
  6 giant cockroaches
  4 goblins
  3 hobgoblins
  17 jackals
  4 quokkas
  A frilled lizard (D:1)
  3 goblin zombies (Ossuary)
  A jackal skeleton (D:7)
  9 kobolds
  4 kobold zombies (Ossuary)
  4 rats
175 creatures vanquished.

Notes
Turn   | Place    | Note
-------+----------+-------------------------------------------
     0 | D:1      | YoVRotEtogoKazino the Gargoyle Berserker began the quest
                  | for the Orb.
     0 | D:1      | Reached XP level 1. HP: 14/14 MP: 1/1
   106 | D:1      | Reached XP level 2. HP: 12/19 MP: 2/2
   500 | D:2      | Reached XP level 3. HP: 23/23 MP: 3/3
   530 | D:2      | Reached skill level 4 in Maces & Flails
   981 | D:3      | Noticed Terence
   997 | D:3      | Killed Terence
   997 | D:3      | Reached XP level 4. HP: 12/28 MP: 4/4
  1272 | D:3      | Reached ** piety under Trog
  1296 | D:3      | Noticed Sigmund
  1314 | D:3      | Killed Sigmund
  1314 | D:3      | Reached skill level 5 in Maces & Flails
  1314 | D:3      | Reached XP level 5. HP: 32/32 MP: 5/5
  1314 | D:3      | Reached XP level 6. HP: 37/37 MP: 6/6
  1418 | D:3      | Found a burning altar of Makhleb.
  1664 | D:4      | Found a staircase to the Ecumenical Temple.
  1677 | Temple   | Entered the Ecumenical Temple
  2073 | D:4      | Reached skill level 6 in Maces & Flails
  2541 | D:5      | Entered Level 5 of the Dungeon
  2735 | D:5      | Noticed Dowan
  2735 | D:5      | Noticed Duvessa
  2752 | D:6      | Noticed an ice beast
  3037 | D:6      | Found a runed translucent door.
  3045 | D:6      | Reached XP level 7. HP: 34/41 MP: 7/7
  3050 | D:6      | Found a shimmering altar of Xom.
  3050 | D:6      | Noticed Labyrinth's ghost (novice DESu)
  3050 | D:6      | Noticed a +2 spear of chaos
  3062 | D:6      | Reached skill level 7 in Maces & Flails
  3242 | D:5      | Noticed Ijyb
  3271 | D:5      | Killed Ijyb
  3292 | D:5      | Reached XP level 8. HP: 46/46 MP: 8/8
  3527 | D:5      | Killed Duvessa
  3527 | D:5      | Reached skill level 8 in Maces & Flails
  3546 | D:5      | Killed Dowan
  3723 | D:6      | Reached *** piety under Trog
  3941 | D:6      | Found a stormy altar of Qazlal.
  4085 | D:6      | Found a shimmering altar of Xom.
  4086 | D:6      | Found a deep blue altar of Sif Muna.
  4165 | D:6      | Reached skill level 9 in Maces & Flails
  4495 | D:7      | Noticed a hippogriff
  4507 | D:7      | Killed a hippogriff
  4507 | D:7      | Reached XP level 9. HP: 35/51 MP: 9/9
  4599 | D:7      | Reached skill level 10 in Maces & Flails
  4979 | D:7      | Found a sand-covered staircase.
  4987 | Ossuary  | Entered an ossuary
  5522 | D:7      | Reached skill level 11 in Maces & Flails
  5548 | D:7      | Reached **** piety under Trog
  5587 | D:7      | Found a glowing silver altar of Zin.
  5590 | D:7      | Found an ornate altar of the Wu Jian Council.
  5593 | D:7      | Found a glowing golden altar of the Shining One.
  5686 | D:7      | Found Cuotesh's Antique Armour Boutique.
  5694 | D:7      | Bought a heavily runed chain mail for 247 gold pieces
  5778 | D:7      | Identified the cursed +1 chain mail of Foynuab {rElec
                  | Int+2} (You bought it in a shop on level 7 of the Dungeon)
  6086 | D:8      | Reached skill level 5 in Armour
  6086 | D:8      | Reached skill level 5 in Dodging
  6152 | D:8      | Noticed Grum
  6152 | D:8      | Noticed Harold
  6170 | D:8      | Killed Harold
  6170 | D:8      | Reached skill level 12 in Maces & Flails
  6170 | D:8      | Reached XP level 10. HP: 29/56 MP: 10/10
  6182 | D:8      | Killed Grum
  7353 | D:6      | Paralysed by a +2 spear of chaos for 4 turns
  7360 | D:6      | Paralysed by a +2 spear of chaos for 5 turns
  7368 | D:6      | Killed Labyrinth's ghost
  7387 | D:6      | Killed a +2 spear of chaos
  7517 | D:9      | Noticed a wizard
  7517 | D:9      | Noticed an orc sorcerer
  7518 | D:9      | Noticed an orc sorcerer
  7518 | D:9      | Noticed an orc sorcerer
  7519 | D:9      | Noticed a smoke demon
  7520 | D:9      | Killed a wizard
  7520 | D:9      | Reached skill level 13 in Maces & Flails
  7521 | D:9      | Noticed a sun demon
  7522 | D:9      | Killed an orc sorcerer
  7522 | D:9      | Noticed a sun demon
  7533 | D:9      | Noticed an orange demon
  7541 | D:9      | Killed an orc sorcerer
  7541 | D:9      | Reached XP level 11. HP: 40/60 MP: 11/11
  7760 | D:9      | Found a shadowy altar of Dithmenos.
  7860 | D:9      | Paralysed by an orc sorcerer for 7 turns
  7870 | D:9      | Killed from afar by an orc sorcerer

Skill      XL: |  1  2  3  4  5  6  7  8  9 10 |
---------------+-------------------------------+-----
Maces & Flails | 4 5 6 7 9 12 13 | 13.4
Dodging        | 2 3 4 5 |  5.9
Armour         | 3 4 5 7 |  7.8
Fighting       | |  3.2
Evocations     | |  0.8

Action                   |  1- 3 |  4- 6 |  7- 9 | 10-12 || total
-------------------------+-------+-------+-------+-------++-------
Melee: Mace              |    68 |   169 |   412 |   169 ||   818
       Unarmed           |       |    10 |       |       ||    10
Invok: Berserk           |       |     2 |     3 |     2 ||     7
       Trog's Hand       |       |     1 |     1 |     2 ||     4
Evoke: Wand              |       |       |     2 |     8 ||    10
  Use: Scroll            |       |     5 |    12 |     3 ||    20
       Potion            |       |     1 |       |     1 ||     2
 Stab: Sleeping          |     1 |     1 |       |       ||     2
  Eat: Chunk             |       |     8 |    10 |     9 ||    27
       Ration            |       |       |     1 |       ||     1
Armor: Animal skin       |    21 |       |       |       ||    21
       Scale mail        |       |    84 |    76 |       ||   160
       Skin              |       |    46 |    11 |       ||    57
       Chain mail        |       |       |   155 |   141 ||   296
Dodge: Dodged            |    32 |    88 |   213 |    88 ||   421
